 Dungeon Crawl Stone Soup version 0.27.1-34-g3ba077fa99 (webtiles) character file.

Game seed: 15747913112535833389

24 DrunkBamboolord the Cudgeller (level 3, -1/34 HPs)
             Began as a Naga Monk on Jan 14, 2022.
             Slain by a rat (2 damage)
             ... on level 1 of the Dungeon.
             The game lasted 00:01:07 (846 turns).

DrunkBamboolord the Cudgeller (Naga Monk)            Turns: 846, Time: 00:01:07

Health: -1/34      AC:  2    Str: 14    XL:     3   Next: 2%
Magic:  3/3        EV: 10    Int: 10    God:
Gold:   45         SH:  0    Dex: 13    Spells: 2/2 levels left

rFire    . . .     SeeInvis +   a - +0 mace
rCold    . . .     Faith    .   (no shield)
rNeg     . . .     Spirit   .   b - +0 robe
rPois    +         Reflect  .   (no helmet)
rElec    .         Harm     .   (no cloak)
rCorr    .         Rampage  .   (no gloves)
Will     .....                  (no barding)
Stlth    ++........             (no amulet)
HPRegen  0.11/turn              (no ring)
MPRegen  0.08/turn              (no ring)

@: very slow
A: AC +1, large, see invisible, deformed body, poison resistance, slowness 2,
spit poison 1, naga tail 1
a: Spit Poison


You were on level 1 of the Dungeon.
You visited 1 branch of the dungeon, and saw 1 of its levels.

You collected 45 gold pieces.

Inventory:

Hand Weapons
 a - a +0 mace (weapon)
Armour
 b - a +0 robe (worn)
Scrolls
 d - a scroll of blinking


   Skills:
 * Level 3.3 Fighting
 * Level 3.4 Maces & Flails
 * Level 0.4 Armour
 + Level 2.5 Dodging
 - Level 3.0 Stealth


You had 2 spell levels left.
You didn't know any spells.
Your spell library was empty.

Dungeon Overview and Level Annotations

Branches:
Dungeon (1/15)

Altars:


Innate Abilities, Weirdness & Mutations

Your serpentine skin is tough. (AC +1)
You have supernaturally acute eyesight. (SInv)
Armour fits poorly on your strangely shaped body.
Your system is resistant to poisons. (rPois)
You cover ground very slowly.
You can spit poison.
You have a snake-like lower body.


Message History

You hit the goblin.
The goblin is severely wounded.
The goblin hits you with a +0 dagger. The rat barely misses you.
You barely miss the goblin.
The goblin is heavily wounded.
The goblin hits you with a +0 dagger. The rat bites you.
You barely miss the goblin.
The goblin is heavily wounded.
The goblin hits you with a +0 dagger. The rat barely misses you.
You barely miss the goblin.
The goblin is heavily wounded.
The goblin hits you with a +0 dagger. The rat misses you.
The goblin hits you with a +0 dagger.
* * * LOW HITPOINT WARNING * * *
The goblin hits you with a +0 dagger.
* * * LOW HITPOINT WARNING * * *
The rat closely misses you.
You barely miss the goblin.
The goblin is heavily wounded.
The goblin misses you. The goblin hits you with a +0 dagger.
* * * LOW HITPOINT WARNING * * *
You aren't carrying any potions.
As you read the scroll labelled ASOHIV QAOWO, it crumbles to dust.
It is a scroll of identify.
d - a scroll of blinking The goblin hits you with a +0 dagger.
* * * LOW HITPOINT WARNING * * *
Abil: Spit Poison
Press: ? - help, Q - select action Shift-Dir - straight line, f - goblin
Aim: a goblin, wielding a +0 dagger (heavily wounded)
The splash of poison hits the goblin.
The goblin is poisoned.
You kill the goblin!
You have reached level 3!
Your experience leads to an increase in your attributes!
Increase (S)trength, (I)ntelligence, or (D)exterity?
You feel stronger.
Your skin feels tougher.
The rat barely misses you.
You have got your breath back.
The rat bites you.
You die... ........####.######......... ########......## ##....>..##++ PP.. ####.#..#####.........#... bb....

#.##...##..# #...#...
####### ..####.##)##
.....#..< ..## #....#
.8...#... #..# ..
###..# ....##'' ##.#
...######r.##
÷........
.#.#####........@...#
..8#..###
...#.......######.###
........# #..#.......
..# .÷.......
##......... #.##
÷..###.# ##......#
#.# .###...#
........#### #.#
#.#.#
†..........####..#
#.#.#
.....####.......#
#.#.#
.......####...###
####.#..


You could see a rat.

Vanquished Creatures
  3 endoplasms (D:1)
  3 giant cockroaches (D:1)
  2 goblins (D:1)
  4 hobgoblins (D:1)
  A quokka (D:1)
  2 ball pythons (D:1)
  2 bats (D:1)
  A frilled lizard (D:1)
  A kobold (D:1)
  2 rats (D:1)
21 creatures vanquished.

Vanquished Creatures (others)
  A bat (D:1)
  A kobold (D:1)
2 creatures vanquished.

Grand Total: 23 creatures vanquished

Notes
Turn   | Place    | Note
-------+----------+-------------------------------------------
     0 | D:1      | DrunkBamboolord the Naga Monk began the quest for the Orb.
     0 | D:1      | Reached XP level 1. HP: 21/21 MP: 1/1
   120 | D:1      | Reached XP level 2. HP: 16/28 MP: 2/2
   842 | D:1      | HP: 1/28 [goblin (3)]
   844 | D:1      | Reached XP level 3. HP: 1/34 MP: 3/3
   846 | D:1      | Slain by a rat

Illustrated notes

Levels and vault maps discovered:
D:1:      dpeg_arrival_windows_large_door, layout_rooms, serial_aquarium,
          aquarium_bridge_square [aquarium_subvault_bridge,
          aquarium_subvault_bridge, aquarium_subvault_window,
          aquarium_subvault_window], aquarium_bridge_long_joined
          [aquarium_subvault_bridge, aquarium_subvault_bridge,
          aquarium_subvault_wall, aquarium_subvault_bridge,
          aquarium_subvault_bridge, aquarium_subvault_wall], aquarium_window_1,
          aquarium_window_fake, aquarium_window_1, aquarium_view_2f,
          aquarium_balcony_1b, shapermc_ecumenical_altar_pompeii,
          lemuel_old_faithful

Action                   || total
-------------------------++-------
Melee: Mace              ||    56
 Abil: Spit Poison       ||     1
  Use: Scroll            ||     1
 Stab: Sleeping          ||     3
Armor: Robe              ||    15
Dodge: Dodged            ||    49
